 Dungeon Crawl Stone Soup version 0.27-a0-1200-g94dc6ad4cf (webtiles) character file.

Game seed: 128484847187380541

749 Mesmaeker13 the Shooter (level 7, -4/84 HPs)
             Began as a Barachi Hunter on June 1, 2021.
             Was an Initiate of Nemelex Xobeh.
             Splashed by a jelly's acid (9 damage)
             ... on level 4 of the Dungeon.
             The game lasted 00:06:22 (4381 turns).

Mesmaeker13 the Shooter (Barachi Hunter)            Turns: 4381, Time: 00:06:23

Health: -4/84      AC:  0    Str: 15    XL:     7   Next: 78%
Magic:  7/7        EV:  2    Int: 11    God:    Nemelex Xobeh [......]
Gold:   113        SH:  0    Dex: 19    Spells: 6/6 levels left

rFire    . . .     SeeInvis .   z - +1 whip (flame)
rCold    . . .     Faith    .   (no shield)
rNeg     + + +     Spirit   .   (armour currently unavailable)
rPois    +         Reflect  .   (helmet currently unavailable)
rElec    .         Harm     .   (cloak currently unavailable)
rCorr    .         Rampage  .   (gloves currently unavailable)
Will     .....     NoTele   +   (boots currently unavailable)
Stlth    ++........             (no amulet)
HPRegen  0.24/turn              h - +6 ring of dexterity
MPRegen  0.10/turn              (no ring)

@: tree-form, corroded, unable to hop
A: stationary, stasis, torment immunity, boosted hp, (amphibious), (slowness 1),
(strong legs 1), +LOS
a: Renounce Religion, Draw Escape, Draw Destruction, Draw Summoning


You were on level 4 of the Dungeon.
You worshipped Nemelex Xobeh.
Nemelex Xobeh was noncommittal.
You were a tree.
You visited 2 branches of the dungeon, and saw 6 of its levels.

You collected 113 gold pieces.

Inventory:

Hand Weapons
 a - a +1 shortbow
 z - a +1 whip of flaming (weapon)
Missiles
 d - 19 arrows
 l - 8 curare-tipped darts (quivered)
Armour
 b - a +1 pair of boots (melded)
 g - a +0 buckler
 m - a +0 chain mail
 q - a +0 ring mail (melded)
 v - a +0 helmet (melded)
Jewellery
 h - a +6 ring of dexterity (left branch)
Wands
 u - a wand of mindburst (7)
 y - a wand of acid (3)
Scrolls
 c - 2 scrolls of immolation {unknown}
 f - a scroll of magic mapping
 i - a scroll of noise
 j - a scroll of vulnerability {unknown}
 o - a scroll of teleportation {unknown}
 p - 2 scrolls of enchant armour
 s - a scroll of torment {unknown}
 w - a scroll of holy word
 x - 2 scrolls of identify
Potions
 e - 2 potions of heal wounds {unknown}
 k - 2 potions of brilliance {unknown}
 n - 2 potions of lignification
 r - 3 potions of mutation {unknown}
 t - a potion of degeneration {unknown}


   Skills:
 + Level 5.5 Fighting
 + Level 5.7 Bows
 + Level 5.0 Dodging
 - Level 2.3 Stealth
 + Level 3.4 Evocations


You had 6 spell levels left.
You didn't know any spells.
Your spell library was empty.

Dungeon Overview and Level Annotations

Branches:
Dungeon (5/15)             Temple (1/1) D:4

Altars:
Ashenzari
Cheibriados
Dithmenos
Elyvilon
Kikubaaqudgha
Makhleb
Nemelex Xobeh
Okawaru
Qazlal
Ru
Sif Muna
Uskayaw
Wu Jian
Yredelemnul
Zin
The Shining One

Annotations:
D:4 4 transporters, senseless's ghost, amateur SpBr


Innate Abilities, Weirdness & Mutations

You are a tree.
Your roots penetrate the ground, keeping you stationary.
You cannot be teleported.
You are immune to unholy pain and torment.
Your maximum health is greatly increased.
Your equipment is partially melded.
((You are amphibious.))
((You cover ground slowly.))
((You can hop short distances.))
You have an extended range of vision and can be seen from far away.


Message History

You whack the jelly! You burn the jelly. The acid corrodes you!
Your hands burn!
The jelly is heavily wounded.
The jelly closely misses you.
You hit the jelly. You burn the jelly. The acid corrodes you!
Your hands burn!
The jelly is severely wounded.
The jelly hits you. The acid corrodes you!
You are splashed with acid.
You hit the jelly. You burn the jelly. The acid corrodes you!
Your hands burn!
The jelly is severely wounded.
The jelly barely misses you. The jelly closely misses you. The jelly hits you.
The acid corrodes you!
You are splashed with acid!
The jelly hits you.
You are splashed with acid!
* * * LOW HITPOINT WARNING * * *
There is a stone staircase leading up here.
The jelly misses you.
You climb upwards.
Level annotation: 4 transporters, senseless's ghost, amateur SpBr
There is a stone staircase leading down here.
Hop to where?
Press: ? - help, Dir - move target Boing!
There is a stone staircase leading up here.
The jelly barely misses you.
It was a potion of lignification.
You turn into a tree.
Your +0 helmet melds into your body.
Your +1 pair of boots melds into your body.
Your +0 ring mail melds into your body.
Your roots penetrate the ground.
The jelly hits you.
* * * LOW HITPOINT WARNING * * *
The acid corrodes you!
You are splashed with acid!
* * * LOW HITPOINT WARNING * * *
You hit the jelly but do no damage.
Your branches burn!
* * * LOW HITPOINT WARNING * * *
The jelly is severely wounded.
The jelly hits you.
* * * LOW HITPOINT WARNING * * *
The acid corrodes you!
You are splashed with acid!
You die...
Your body disappears without a glow.

#..#5.#.#...#....>....'...###....
...#..#.#...#.........######...).
##.##......W#..............#.....
#..###...###.......#.###.##....#
#....#####...#'#..##.# #.#......
#..........###.#..##.# #.#.#####
#.####.....# #.#.>.#.###........
#.# #.....###.##..#.#.....#####
#.####.....##..♣................
#....'.....##.J#.#.#.###.......#
######.....##..#...#.# #...#..##
#............#####.# #...#.###
####.######.#......<..###...#....
............................#.###
####.######.#############..#.....
#.# #.# #..##[##. #.# #.#
#..##....


You could see a jelly.

Vanquished Creatures
  Pikel (D:4)
  An ogre (D:4)
  2 lemures (D:4)
  A phantom (D:3)
  A hound (D:4)
  Ijyb (D:4)
  An iguana (D:5)
  2 adders
  A worm (D:2)
  2 dart slugs (D:2)
  2 orcs (D:4)
  A bat (D:2)
  5 endoplasms (D:1)
  7 goblins
  10 hobgoblins
  3 jackals (D:4)
  A quokka (D:1)
  A ball python (D:2)
  2 frilled lizards
  11 kobolds
  2 rats
58 creatures vanquished.

Vanquished Creatures (others)
  An iguana (D:5)
1 creature vanquished.

Grand Total: 59 creatures vanquished

Notes
Turn   | Place    | Note
-------+----------+-------------------------------------------
     0 | D:1      | Mesmaeker13 the Barachi Hunter began the quest for the Orb.
     0 | D:1      | Reached XP level 1. HP: 17/17 MP: 1/1
    24 | D:1      | Reached skill level 1 in Stealth
    46 | D:1      | Reached XP level 2. HP: 23/23 MP: 2/2
   868 | D:2      | Reached XP level 3. HP: 28/28 MP: 3/3
  2103 | D:3      | Noticed a phantom
  2114 | D:3      | Killed a phantom
  2115 | D:3      | Reached XP level 4. HP: 16/37 MP: 4/4
  2115 | D:3      | Reached XP level 5. HP: 18/42 MP: 5/5
  2952 | D:4      | Found a shimmering blue altar of Sif Muna.
  2954 | D:4      | Noticed a steam dragon
  2974 | D:4      | Found a transporter.
  2995 | D:4      | Found a transporter.
  3007 | D:4      | Found a sacrificial altar of Ru.
  3007 | D:4      | Found a shadowy altar of Dithmenos.
  3017 | D:4      | Noticed Ijyb
  3027 | D:4      | Killed Ijyb
  3057 | D:4      | Found a staircase to the Ecumenical Temple.
  3133 | Temple   | Entered the Ecumenical Temple
  3204 | Temple   | Became a worshipper of Nemelex Xobeh the Trickster
  3402 | D:4      | Reached skill level 1 in Evocations
  3492 | D:4      | Found a burning altar of Makhleb.
  3511 | D:4      | Found a transporter.
  3518 | D:4      | Noticed senseless's ghost (amateur SpBr)
  3562 | D:4      | Noticed an ogre
  3570 | D:4      | Killed an ogre
  3571 | D:4      | Reached skill level 5 in Bows
  3571 | D:4      | Reached XP level 6. HP: 49/49 MP: 6/6
  3692 | D:4      | Noticed Pikel
  3720 | D:4      | Killed Pikel
  3721 | D:4      | Reached skill level 5 in Fighting
  3721 | D:4      | Reached XP level 7. HP: 20/56 MP: 7/7
  4075 | D:4      | Found a transporter.
  4265 | D:5      | Entered Level 5 of the Dungeon
  4346 | D:5      | Reached skill level 5 in Dodging
  4381 | D:4      | Splashed by a jelly's acid

Illustrated notes

Levels and vault maps discovered:
D:1:      eino_arrival_water_cross, layout_loops_cross, minivault_26,
          chequers_serial_rivers_small_a
D:2:      layout_loops_corners, minmay_close_crescents
D:3:      layout_loops_ring, chequers_serial_rivers_small_a,
          minmay_crystal_water
D:4:      layout_basic, kennysheep_mini_moat, gammafunk_temple_overflow_arena,
          minmay_temple_entry_tees, gammafunk_ghost_stat_death, uniq_pikel,
          uniq_ijyb
D:5:      layout_loops_ring, regret_index_temple_of_mockery,
          fiery_altar_vehumet, grunt_ministairs_14, uniq_crazy_yiuf_cottage
Temple:   nicolae_temple_hex_pool

Skill      XL: |  1  2  3  4  5  6  7 |
---------------+----------------------+-----
Stealth        | 1 2 |  2.3
Fighting       | 3 4 5 |  5.5
Dodging        | 3 4 5 |  5.0
Evocations     | 1 3 |  3.4
Bows           | 5 |  5.7

Action                   |  1- 3 |  4- 6 |  7- 9 || total
-------------------------+-------+-------+-------++-------
Melee: Short sword       |       |    30 |       ||    30
       Whip              |       |       |    20 ||    20
 Fire: Shortbow          |   128 |    68 |       ||   196
Throw: Dart              |       |     4 |       ||     4
 Abil: Hop               |       |       |     1 ||     1
Evoke: Wand              |       |     2 |     2 ||     4
  Use: Scroll            |     3 |     1 |       ||     4
       Potion            |       |       |     1 ||     1
 Stab: Sleeping          |       |     1 |       ||     1
Armor: Leather armour    |    14 |       |       ||    14
       Ring mail         |     2 |    16 |     6 ||    24
Dodge: Dodged            |    14 |    40 |    15 ||    69

Table legend: (Time is in decaauts)
 A = Elapsed time spent in this place.
 B = Non-inter-level travel time spent in this place.
 C = Inter-level travel time spent in this place.
 D = Time resting spent in this place.
 E = Time spent auto-exploring this place.
 F = Levels seen in this place.
 G = Mean time per level.
                   A        B        C        D        E       F      G
               +--------+--------+--------+--------+--------+-----+--------+
         Total |   5026 |   4836 |    190 |    366 |   3829 |   6 |  837.7 |
       Dungeon |   4880 |   4704 |    176 |    366 |   3703 |   5 |  976.0 |
        Temple |    145 |    131 |     14 |      0 |    125 |   1 |  145.0 |
               +--------+--------+--------+--------+--------+-----+--------+

Top non-repeatable levels by time:
     D:4: 1574 daAuts
     D:1: 1155 daAuts
     D:2: 1096 daAuts
     D:3: 937 daAuts
  Temple: 145 daAuts
     D:5: 117 daAuts
